 Dungeon Crawl Stone Soup version 0.28.0-53-g5a82cb258f (webtiles) character file.

Game seed: 16032749466414034410

9240 cbfl8 the Cleaver (level 11, -11/99 HPs)
             Began as a Minotaur Berserker on July 27, 2022.
             Was a High Priest of Trog.
             Mangled by a two-headed ogre
             ... wielding a +0 giant club
              (23 damage)
             ... on level 9 of the Dungeon.
             The game lasted 00:09:13 (10103 turns).

cbfl8 the Cleaver (Minotaur Berserker)             Turns: 10103, Time: 00:09:13

Health: -11/99     AC: 15    Str: 22    XL:     11   Next: 20%
Magic:  10/10      EV:  9    Int:  4    God:    Trog [*****.]
Gold:   516        SH:  0    Dex: 14    Spells: 10/10 levels left

rFire   . . .      SeeInvis .   I - +2 executioner's axe
rCold   . . .      Faith    +   (shield currently unavailable)
rNeg    . . .      Spirit   .   q - +0 plate armour
rPois   .          Reflect  .   (helmet restricted)
rElec   .          Harm     .   s - +0 cloak
rCorr   .          Rampage  .   (no gloves)
Will    .....                   (no boots)
Stlth   ..........              l - amulet of faith
HPRegen 0.26/turn               (no ring)
MPRegen 0.12/turn               (no ring)

@: no status effects
A: horns 2, retaliatory headbutt
a: Renounce Religion, Berserk, Trog's Hand, Brothers in Arms


You were on level 9 of the Dungeon.
You worshipped Trog.
Trog was extremely pleased with you.
You visited 1 branch of the dungeon, and saw 9 of its levels.
You also visited: Sewer.

You collected 730 gold pieces.
You spent 214 gold pieces at shops.

Inventory:

Hand Weapons
 x - a +5 battleaxe of electrocution
 I - a +2 executioner's axe (weapon)
Missiles
 J - a throwing net
Armour
 q - a +0 plate armour (worn)
 s - a +0 cloak (worn)
Jewellery
 l - an amulet of faith (around neck)
Wands
 k - a wand of iceblast (4)
 t - a wand of paralysis (9)
 z - a wand of acid (10) (quivered)
 D - a wand of flame (35)
 G - a wand of digging (3)
Scrolls
 d - 3 scrolls of fog {unknown}
 g - 2 scrolls of silence {unknown}
 h - 2 scrolls of teleportation
 n - 4 scrolls of amnesia
 p - a scroll of enchant weapon {unknown}
 u - 4 scrolls of magic mapping
 y - a scroll of noise {unknown}
 A - 2 scrolls of acquirement {unknown}
 B - 2 scrolls of immolation {unknown}
 C - a scroll of vulnerability {unknown}
 E - a scroll of brand weapon {unknown}
Potions
 a - 2 potions of cancellation {unknown}
 b - 3 potions of degeneration {unknown}
 c - 2 potions of invisibility
 e - a potion of ambrosia {unknown}
 f - 3 potions of flight {unknown}
 i - 3 potions of attraction {unknown}
 j - 3 potions of mutation {unknown}
 m - a potion of magic {unknown}
 o - 3 potions of curing
 r - 3 potions of lignification {unknown}
 v - 4 potions of might {unknown}
 w - 2 potions of haste {unknown}
 F - a potion of brilliance {unknown}
 H - a potion of heal wounds {unknown}


   Skills:
 * Level 10.1 Fighting
 + Level 11.7 Axes
 + Level 8.4 Armour
 * Level 7.7 Dodging
 * Level 5.6 Stealth
 * Level 4.7 Evocations


You had 10 spell levels left.
You didn't know any spells.
Your spell library was empty.

Dungeon Overview and Level Annotations

Branches:
Dungeon (9/15)             Temple (0/1) D:6             Orc (0/2) D:9
  Sewer (visited)
   Lair: D:8-11

Altars:
Dithmenos
Elyvilon
Fedhas
Gozag
Kikubaaqudgha
Qazlal
Ru
Sif Muna
Vehumet
Yredelemnul
The Shining One

Shops:
D:2 =   D:5 (   D:8 **:


Innate Abilities, Weirdness & Mutations

You have a pair of horns on your head.
You reflexively headbutt those who attack you in melee.


Message History

Things that are here:
a +0 whip; an orc corpse No target in view!
Items here: ( )))))) [[[[ ÷÷÷÷÷÷.
Items here: )))) [[ ÷.
No target in view!
You see here a +0 flail.
Items here: ( ))))) [[ ÷÷÷.
No target in view!
You now have 500 gold pieces (gained 50).
Items here: )) [[.
No target in view!
Things that are here:
a +0 trident; a +0 leather armour No target in view!
You see here a +0 hand axe.
Items here: )))) [[ ÷.
No target in view!
Things that are here:
a +0 dagger; a +0 hand axe No target in view!
You now have 516 gold pieces (gained 16).
A two-headed ogre comes into view.
It is wielding a +0 giant club and a +0 giant spiked club.
The two-headed ogre shouts in stereo!
A two-headed ogre is nearby!
A centaur zombie comes into view.
There are monsters nearby!
The two-headed ogre hits you with a +0 giant club!
The two-headed ogre hits you with a +0 giant spiked club!!
You slice the two-headed ogre!! You headbutt the two-headed ogre!
The two-headed ogre is severely wounded.
The two-headed ogre hits you with a +0 giant club!!
The two-headed ogre hits you with a +0 giant spiked club!!
* * * LOW HITPOINT WARNING * * *
You barely miss the two-headed ogre.
The two-headed ogre is severely wounded.
The two-headed ogre hits you with a +0 giant club.
* * * LOW HITPOINT WARNING * * *
The two-headed ogre hits you with a +0 giant spiked club!!
You die...

#.).##...#.....#
#####)#######.....#
#...)))...).......#
#....))).)))......#
######'#.)........#
...#..........#
.....######.....+
........ #.....#
........ #.@...#
##.......
#.O..?.... #.......
#...Z.....
#.........
#.........
##########


You could see a two-headed ogre and a centaur zombie.

Vanquished Creatures
  Harold (D:9)
  4 two-headed ogres
  A deep elf pyromancer (D:8)
  A kobold demonologist (D:7)
  A troll (D:7)
  A hornet (D:7)
  3 yaks (D:8)
  Grum (D:8)
  A shadow (D:9)
  3 fire elementals (D:8)
  Eustachio (D:4)
  A steam dragon (D:7)
  A water moccasin (D:7)
  Edmund (D:6)
  Pargi (Sewer)
  A sky beast (D:8)
  4 orc warriors
  4 black bears
  A centaur (D:8)
  3 necrophages
  A phantom (D:6)
  2 wolves (D:8)
  A kobold brigand (D:3)
  A gnoll sergeant (D:8)
  A wyvern zombie (D:7)
  4 bullfrogs
  A water moccasin zombie (D:6)
  A wyvern skeleton (D:7)
  A killer bee (D:7)
  3 howler monkeys (D:8)
  3 bullfrog zombies
  A crimson imp (D:4)
  A jelly (D:7)
  4 hounds
  10 orc priests
  2 centaur skeletons
  Natasha (D:3)
  9 orc wizards
  A scorpion zombie (D:4)
  3 iguanas
  3 hound zombies (D:4)
  A hound skeleton (D:4)
  Robin (D:4)
  3 gnolls (D:8)
  12 adders
  A river rat (D:6)
  2 shadow imps
  2 white imps
  2 ufetubi (D:4)
  An adder skeleton (D:4)
  5 dart slugs
  52 orcs
  6 bats
  3 endoplasms
  2 giant cockroaches
  16 goblins
  14 hobgoblins
  6 jackals
  6 kobolds
  5 quokkas
  10 ball pythons
  6 frilled lizards
  A goblin skeleton (D:4)
  3 goblin zombies (D:4)
  2 hobgoblin zombies (D:4)
  A jackal skeleton (D:4)
  A kobold zombie (D:4)
  2 orc skeletons (D:4)
  5 rats
260 creatures vanquished.

Vanquished Creatures (others)
  A steam dragon (D:8)
1 creature vanquished.

Grand Total: 261 creatures vanquished

Notes
Turn   | Place    | Note
-------+----------+-------------------------------------------
     0 | D:1      | cbfl8 the Minotaur Berserker began the quest for the Orb.
     0 | D:1      | Reached XP level 1. HP: 19/19 MP: 0/0
   123 | D:1      | Reached skill level 4 in Axes
   123 | D:1      | Reached XP level 2. HP: 24/27 MP: 1/1
   321 | D:1      | Found a faded altar of an unknown god.
   481 | D:1      | Reached XP level 3. HP: 26/33 MP: 2/2
   794 | D:1      | Reached ** piety under Trog
  1302 | D:2      | Found Umosch's Jewellery Shop.
  1311 | D:2      | Reached XP level 4. HP: 41/41 MP: 3/3
  2017 | D:3      | Found a stormy altar of Qazlal.
  2030 | D:3      | Noticed Natasha
  2043 | D:3      | Killed Natasha
  2044 | D:3      | Reached skill level 5 in Fighting
  2539 | D:3      | Reached XP level 5. HP: 44/48 MP: 4/4
  2596 | D:3      | Reached skill level 5 in Axes
  2596 | D:3      | Reached skill level 1 in Stealth
  3388 | D:4      | Noticed Robin
  3402 | D:4      | Reached *** piety under Trog
  3405 | D:4      | Reached XP level 6. HP: 56/56 MP: 5/5
  3415 | D:4      | Killed Robin
  3504 | D:4      | Found a glowing golden altar of the Shining One.
  3557 | D:4      | Noticed Eustachio
  3581 | D:4      | Killed Eustachio
  3588 | D:4      | Reached XP level 7. HP: 45/63 MP: 6/6
  3670 | D:4      | Reached skill level 6 in Axes
  3947 | D:4      | Found a basalt altar of Yredelemnul.
  3978 | D:4      | Reached **** piety under Trog
  4093 | D:4      | Found an opulent altar of Gozag.
  4124 | D:4      | Found a sacrificial altar of Ru.
  4427 | D:5      | Entered Level 5 of the Dungeon
  4706 | D:5      | Reached XP level 8. HP: 61/71 MP: 7/7
  4898 | D:5      | Found Perche's Antique Weapon Boutique.
  4947 | D:5      | Reached skill level 7 in Axes
  4953 | D:5      | Bought a runed battleaxe for 190 gold pieces
  5130 | D:5      | Found a shadowy altar of Dithmenos.
  5328 | D:6      | Reached skill level 5 in Armour
  5328 | D:6      | Reached skill level 5 in Dodging
  5375 | D:6      | Reached skill level 1 in Evocations
  5524 | D:6      | Found a staircase to the Ecumenical Temple.
  5614 | D:6      | Noticed Edmund
  5617 | D:6      | Found a white marble altar of Elyvilon.
  5621 | D:6      | Killed Edmund
  5624 | D:6      | Found an ancient bone altar of Kikubaaqudgha.
  5770 | D:6      | Found a glowing drain.
  5784 | Sewer    | Entered a sewer
  5818 | Sewer    | Noticed Pargi
  5821 | Sewer    | Killed Pargi
  5822 | Sewer    | Reached skill level 8 in Axes
  5960 | D:6      | Reached ***** piety under Trog
  6092 | D:6      | Found a shimmering blue altar of Sif Muna.
  6094 | D:6      | Found a radiant altar of Vehumet.
  6312 | D:7      | Noticed a troll
  6318 | D:7      | Killed a troll
  6319 | D:7      | Reached XP level 9. HP: 70/81 MP: 8/8
  6407 | D:7      | Noticed a kobold demonologist
  6412 | D:7      | Killed a kobold demonologist
  6446 | D:7      | Paralysed by a hornet for 2 turns
  6450 | D:7      | Reached skill level 9 in Axes
  6689 | D:7      | Noticed a two-headed ogre
  6696 | D:7      | Killed a two-headed ogre
  6728 | D:7      | Reached skill level 10 in Axes
  6740 | D:7      | Reached XP level 10. HP: 72/90 MP: 9/9
  7194 | D:7      | Found a blossoming altar of Fedhas.
  7551 | D:8      | Noticed Grum
  7564 | D:8      | Killed Grum
  7848 | D:8      | Found Geqak's General Store.
  7861 | D:8      | Received a gift from Trog
  7878 | D:8      | Found Olur's Specific Store.
  7948 | D:8      | Bought a scroll of identify for 24 gold pieces
  7978 | D:8      | Reached skill level 5 in Stealth
  8114 | D:8      | Found Xesed's Book Boutique.
  9041 | D:8      | Noticed a deep elf pyromancer
  9045 | D:8      | Killed a deep elf pyromancer
  9046 | D:8      | Reached skill level 11 in Axes
  9388 | D:9      | Noticed a two-headed ogre
  9394 | D:9      | Killed a two-headed ogre
  9509 | D:9      | Noticed a two-headed ogre
  9510 | D:9      | Noticed Harold
  9516 | D:9      | Killed a two-headed ogre
  9519 | D:9      | Killed Harold
  9520 | D:9      | Reached XP level 11. HP: 99/99 MP: 10/10
  9711 | D:9      | Reached skill level 10 in Fighting
  9758 | D:9      | Received a gift from Trog
  9825 | D:9      | Noticed a two-headed ogre
  9833 | D:9      | Killed a two-headed ogre
 10083 | D:9      | Found a staircase to the Orcish Mines.
 10098 | D:9      | Noticed a two-headed ogre
 10103 | D:9      | Mangled by a two-headed ogre

Illustrated notes

Levels and vault maps discovered:
D:1:      tarquinn_simple_flora_water_f, layout_rooms,
          shapermc_ecumenical_altar_mp_highgroup, roderic_serpentine_path
D:2:      layout_basic, serial_shops, shop
D:3:      layout_basic, grunt_qazlal_clouds, uniq_natasha
D:4:      minmay_skewed_foursquare, layout_loops_ring,
          nicolae_yredelemnul_corpse_copse, nicolae_tso_besieged_by_evil,
          mainiacjoe_overflow_two_lobes, uniq_eustachio, uniq_robin
D:5:      layout_loops_ring, grunt_dithmenos_smoke, serial_shops, shop,
          amcnicky_mini_rare_corridor_liquid, hangedman_decor_push
D:6:      layout_cave_pools, grunt_temple_overflow_magic_moments,
          mainiacjoe_overflow_alcove_4, minmay_temple_entry_mist,
          portal_sewer_entry_a, uniq_edmund
D:7:      hellmonk_destroyed_diamonds, layout_gridville,
          mainiacjoe_overflow_cross_hatched, minmay_misc_feat_encased,
          nicolae_concentric_dashed_squares_wild, nzn_random_ring
D:8:      layout_loops_ring, serial_shops, shop_statue, nicolae_specific_store,
          dilly_guarded_unrand_elemental_staff, uniq_grum
D:9:      layout_gridville, hiddenorc2_lemuel, uniq_harold

Skill      XL: |  1  2  3  4  5  6  7  8  9 10 11 |
---------------+----------------------------------+-----
Axes           | 4 5 6 8 10 11 | 11.7
Fighting       | 4 5 6 7 8 9 10 | 10.1
Dodging        | 3 4 5 6 7 |  7.7
Stealth        | 1 2 3 4 5 |  5.6
Armour         | 3 4 5 6 8 |  8.4
Evocations     | 2 3 4 |  4.7

Action                   |  1- 3 |  4- 6 |  7- 9 | 10-12 || total
-------------------------+-------+-------+-------+-------++-------
Melee: Hand axe          |    70 |   143 |    89 |       ||   302
       Headbutt          |    13 |    18 |    45 |    24 ||   100
       War axe           |       |       |    15 |       ||    15
       Punch             |       |       |     4 |       ||     4
       Battleaxe         |       |       |   106 |    57 ||   163
       Executioner's axe |       |       |       |    92 ||    92
Invok: Berserk           |     1 |     4 |     2 |     3 ||    10
       Trog's Hand       |       |     1 |       |       ||     1
Evoke: Wand              |       |       |     5 |     2 ||     7
  Use: Scroll            |       |       |       |     5 ||     5
       Potion            |       |       |       |     1 ||     1
Armor: Animal skin       |    16 |     5 |       |       ||    21
       Plate armour      |       |    71 |   160 |    86 ||   317
Dodge: Dodged            |    47 |    74 |    87 |    66 ||   274
